 Dungeon Crawl Stone Soup version 0.30.1-4-g462c640d31 (webtiles) character file.

Game seed: 16611139838399360131

4850 spardeous the Destroyer (level 10, -21/69 HPs)
             Began as a Demigod Conjurer on Sept 1, 2023.
             Demolished by an orc knight
             ... wielding a +0 battleaxe
              (46 damage)
             ... in a bailey.
             The game lasted 00:19:00 (8763 turns).

spardeous the Destroyer (Demigod Conjurer)          Turns: 8763, Time: 00:19:00

Health: -21/69     AC:  6    Str: 12    XL:     10   Next: 5%
Magic:  16/26      EV: 25    Int: 28    God:
Gold:   412        SH:  0    Dex: 12    Spells: 18/25 levels left

rFire   . . .        d - staff of conjuration
rCold   . . .        (no shield)
rNeg    . . .        g - +0 ring mail
rPois   .            (no helmet)
rElec   .            m - +0 cloak
rCorr   .            (no gloves)
SInv    .            (no boots)
Will    +....        q - amulet of the acrobat
Stlth   +            (no ring)
HPRegen 0.31/turn    (no ring)
MPRegen 0.20/turn

%: acrobat
@: acrobatic
A: high MP 1, forlorn, divine attributes
a: no special abilities


You were in a bailey.
You visited 1 branch of the dungeon, and saw 8 of its levels.
You also visited: Bailey.

You collected 412 gold pieces.

Inventory:

Armour
 a - a +0 robe
 g - a +0 ring mail (worn)
 m - a +0 cloak (worn)
 w - a +0 kite shield
 F - the +0 scale mail of Cynicism {rC+ Stlth+}
   (You found it on level 6 of the Dungeon)

   rC:        It protects you from cold.
   Stlth:     It makes you more stealthy.
 I - a +1 scale mail of fire resistance
Magical Staves
 d - a staff of conjuration (weapon)
Jewellery
 h - a ring of fire
 q - an amulet of the acrobat (around neck)
Wands
 f - a wand of paralysis (6)
 u - a wand of roots (5)
 D - a wand of polymorph (10)
 E - a wand of flame (25)
Scrolls
 c - 2 scrolls of brand weapon {unknown}
 e - a scroll of poison {unknown}
 j - 7 scrolls of identify {unknown}
 k - a scroll of fog {unknown}
 l - a scroll of magic mapping {unknown}
 n - 2 scrolls of fear {unknown}
 o - a scroll of amnesia {unknown}
 r - 2 scrolls of torment {unknown}
 s - 2 scrolls of vulnerability {unknown}
 t - 3 scrolls of summoning {unknown}
 y - a scroll of teleportation {unknown}
 B - 2 scrolls of enchant weapon {unknown}
 C - 2 scrolls of immolation {unknown}
 H - a scroll of noise {unknown}
Potions
 b - a potion of magic
 i - a potion of flight {unknown}
 p - a potion of resistance {unknown}
 v - a potion of cancellation {unknown}
 x - a potion of haste {unknown}
 z - a potion of brilliance {unknown}
 A - a potion of heal wounds {unknown}
 G - a potion of curing


   Skills:
 - Level 1.7 Dodging
 - Level 1.7 Stealth
 - Level 8.0 Spellcasting
 - Level 9.4 Conjurations
 + Level 6.7 Translocations


You had 18 spell levels left.
You knew the following spells:

 Your Spells              Type           Power      Damage    Failure   Level
a - Magic Dart            Conj           100%       1d8       1%          1
b - Searing Ray           Conj           100%       2d8       1%          2
c - Iskenderun's Mystic   Conj/Tloc      71%        2d14      4%          4

Your spell library contained the following spells:

 Spells                   Type           Power      Damage    Failure   Level
 Apportation              Tloc           98%        N/A       1%          1
 Foxfire                  Conj/Fire      100%       2x1d9     1%          1
 Dazzling Flash           Conj/Hex       100%       N/A       4%          3
 Mephitic Cloud           Conj/Pois/Air  43%        N/A       10%         3
 Necrotise                Necr           44%        1d6       11%         1
 Summon Small Mammal      Summ           44%        N/A       11%         1
 Fulminant Prism          Conj/Hex       27%        3d14      16%         4
 Poisonous Vapours        Pois/Air       22%        N/A       17%         2
 Call Canine Familiar     Summ           11%        N/A       32%         3
 Summon Guardian Golem    Hex/Summ       11%        N/A       32%         3
 Fireball                 Conj/Fire      27%        3d12      41%         5
 Freezing Cloud           Conj/Ice/Air   21%        6-21      65%         5
 Starburst                Conj/Fire      27%        6d9       94%         6
 Plasma Beam              Fire/Air       5%         2x1d17    100%        6


Dungeon Overview and Level Annotations

Branches:
Dungeon (8/15)             Temple (0/1) D:7          Bailey (1/1)
   Lair: D:8-11

Shops:
D:5 (   D:7 *

Annotations:
D:7 Joseph
D:8 Gastronok


Innate Abilities, Weirdness & Mutations

You have an increased reservoir of magic. (+10% MP)
You shall have no god before yourself.
Your divine heritage dramatically boosts your attributes as you level up.


Message History

The orc goes into a battle-frenzy!
Casting: Iskenderun's Mystic Blast (dangerous; 4% risk of failure)
Confirm with . or Enter, or press ? or * to list all spells.
Aiming: Searing Ray (safe; 1% risk of failure)
Press: ? - help, Shift-Dir - straight line You feel a surge of power!
The searing ray hits the orc.
The orc is severely wounded. (Press . to maintain the ray.)
The orc hits you with a +0 hand axe.
* * * LOW HITPOINT WARNING * * *
The searing ray hits the orc.
You kill the orc!
You take 5 damage, and have 7/69 hp.
You now have 17/26 mp.
The searing ray hits the orc warlord but does no damage.
The searing ray hits the orc warlord.
The orc warlord is lightly wounded.
You finish channelling your searing ray.
You now have 16/26 mp.
There is an open door here.
The orc warrior no longer looks unusually strong.
The orc warlord roars a battlecry!
The orc warrior goes into a battle-frenzy!
Items here: )) [[.
You feel better.
You regained 10 hp, and now have 22/69 hp.
There is an open door here.
The orc knight roars a battlecry!
The orc warlord roars a battlecry!
The orc knight goes into a battle-frenzy!
Casting: Searing Ray (safe; 1% risk of failure)
Confirm with . or Enter, or press ? or * to list all spells.
You feel a surge of power!
You erupt in a blast of force!
The mystic blast hits the orc knight!
The orc knight is lightly wounded.
The orc knight is knocked back by the mystic blast.
You now have 16/26 mp.
Unknown command.
The orc knight hits you with a +0 battleaxe!!!
Ouch! That really hurt!
You die...

##.......##
#.........#
##.........##
#.....⌠.....#######
##.....o...##.....##
[')........'.......#
)##.......##.......##
..#.......#.........#
..##88.88##.....@...##
...###'###.....⌠o....#
o.###...###.....o...##
..#.......#.....o...#
.##.......##.......##
.# #.......# ##
##.....## # ####'## ##
##.....##


You could see an orc warlord (strong), an orc knight (strong) and an orc warrior
(strong).

Vanquished Creatures
  3 orc knights (Bailey)
  Eustachio (D:6)
  3 water moccasins
  9 orc warriors
  2 black bears
  3 ogres
  A phantom (D:7)
  A kobold brigand (D:7)
  Blork the orc (D:6)
  4 bullfrogs
  A gnoll sergeant (D:5)
  A scorpion (D:7)
  10 killer bees (D:7)
  A howler monkey (D:6)
  4 orc priests
  A hound (D:5)
  A jelly (D:7)
  2 sleepcaps
  An iguana (D:3)
  7 orc wizards
  4 adders
  16 gnolls
  2 white imps
  An ufetubus (D:5)
  3 worms
  5 dart slugs
  32 orcs
  3 bats
  2 endoplasms
  A giant cockroach (D:2)
  11 goblins
  14 hobgoblins
  9 kobolds
  6 quokkas
  5 ball pythons
  2 frilled lizards (D:3)
  4 rats
177 creatures vanquished.

Notes
Turn   | Place    | Note
-------+----------+-------------------------------------------
     0 | D:1      | spardeous the Demigod Conjurer began the quest for the Orb.
     0 | D:1      | Reached XP level 1. HP: 14/14 MP: 5/5
   395 | D:1      | Reached XP level 2. HP: 20/20 MP: 5/7
   500 | D:1      | You fall into a shaft and drop 1 floor!
   609 | D:2      | Reached skill level 4 in Conjurations
   612 | D:2      | Learned a level 2 spell: Searing Ray
   977 | D:2      | Reached XP level 3. HP: 26/26 MP: 4/9
  1669 | D:3      | Reached XP level 4. HP: 33/33 MP: 7/11
  2010 | D:3      | Learned a level 4 spell: Iskenderun's Mystic Blast
  2298 | D:4      | Noticed a black bear
  2306 | D:4      | Killed a black bear
  2307 | D:4      | Reached skill level 5 in Conjurations
  2307 | D:4      | Reached XP level 5. HP: 29/38 MP: 3/13
  2913 | D:5      | Entered Level 5 of the Dungeon
  3007 | D:5      | Reached XP level 6. HP: 42/45 MP: 11/15
  3363 | D:5      | Reached skill level 6 in Conjurations
  3811 | D:5      | Reached XP level 7. HP: 44/50 MP: 5/17
  3964 | D:5      | Found Ogiolaips's Antique Weapon Shop.
  4138 | D:6      | Reached skill level 5 in Spellcasting
  4385 | D:6      | Noticed Eustachio
  4392 | D:6      | Killed Eustachio
  4393 | D:6      | Reached skill level 7 in Conjurations
  4587 | D:6      | Identified the +0 scale mail of Cynicism {rC+ Stlth+}
  4835 | D:6      | Noticed Blork the orc
  4842 | D:6      | Killed Blork the orc
  5223 | D:7      | Found Ylasetri's General Store.
  5331 | D:7      | Reached XP level 8. HP: 57/57 MP: 12/20
  5665 | D:7      | Reached skill level 8 in Conjurations
  5929 | D:7      | Noticed Joseph
  6135 | D:7      | Found a staircase to the Ecumenical Temple.
  7133 | D:7      | Reached XP level 9. HP: 54/62 MP: 16/24
  7276 | D:8      | Reached skill level 9 in Conjurations
  7306 | D:8      | Noticed Gastronok
  7589 | D:8      | Found a flagged portal.
  7604 | Bailey   | Entered a bailey
  8028 | Bailey   | Reached skill level 1 in Translocations
  8172 | Bailey   | Noticed an orc knight
  8213 | Bailey   | Noticed an orc knight
  8222 | Bailey   | Killed an orc knight
  8243 | Bailey   | Killed an orc knight
  8244 | Bailey   | Reached skill level 5 in Translocations
  8369 | Bailey   | Noticed an orc knight
  8382 | Bailey   | Killed an orc knight
  8383 | Bailey   | Reached XP level 10. HP: 65/69 MP: 5/26
  8386 | Bailey   | Noticed an orc knight
  8501 | Bailey   | Noticed an orc warlord
  8763 | Bailey   | Demolished by an orc knight

Illustrated notes

Levels and vault maps discovered:
D:1:      psy_arrival_statuary, layout_rooms
D:2:      layout_rooms, nicolae_hexahallways
D:3:      layout_rooms, kennysheep_small_spiral
D:4:      layout_basic, mainiacjoe_overflow_catwalk, minivault_1,
          serial_park_tiny_1
D:5:      layout_basic, nemelex_xobeh_ov_fountains_minmay, serial_shops,
          nicolae_stop_n_shop_1
D:6:      layout_basic, grunt_temple_overflow_cloverleaf,
          nicolae_overflow_crystal_walls, uniq_blork_the_orc, uniq_eustachio
D:7:      layout_cave_pods, mainiacjoe_overflow_chevrons,
          nicolae_ru_awakened_eye, minmay_temple_entry_mini_moons, serial_shops,
          shop, uniq_joseph
D:8:      layout_layer_cave, kennysheep_mini, enter_bailey_3,
          uniq_prince_ribbit1, uniq_gastronok
Bailey:   bailey_axe_minmay_hex_keep, bailey

Skill      XL: |  1  2  3  4  5  6  7  8  9 |
---------------+----------------------------+-----
Spellcasting   | 2 3 4 6 7 8 |  8.0
Conjurations   | 4 5 6 7 8 9 |  9.4
Translocations | 6 |  6.7
Dodging        | |  1.7
Stealth        | |  1.7

Action                     |  1- 3 |  4- 6 |  7- 9 | 10-12 || total
---------------------------+-------+-------+-------+-------++-------
  Melee: Unarmed           |     4 |       |       |       ||     4
         Staff             |       |       |     2 |       ||     2
   Cast: Magic Dart        |    75 |    85 |   132 |       ||   292
         Searing Ray       |     1 |    14 |    51 |     1 ||    67
         Iskenderun's Myst |       |       |    14 |    14 ||    28
    Use: Potion            |       |       |     3 |     1 ||     4
 Armour: Robe              |     1 |       |       |       ||     1
         Ring mail         |     3 |     6 |    22 |     1 ||    32
  Dodge: Dodged            |    14 |    25 |   126 |    47 ||   212
